 Dungeon Crawl Stone Soup version 0.23.2-33-g5129a83184 (webtiles) character file.

Game seed: 7361409776223956989

104236 Exodus22XD the Eclecticist (level 15, -4/66 HPs)
             Began as a Deep Elf Wizard on June 28, 2019.
             Was the Champion of Vehumet.
             Slain by a redback (5 damage)
             ... on level 2 of the Spider Nest on June 29, 2019.
             The game lasted 05:15:36 (27803 turns).

Exodus22XD the Eclecticist (Deep Elf Wizard)       Turns: 27803, Time: 05:15:37

Health: -4/66      AC: 24    Str:  4    XL:     15   Next: 91%
Magic:  46/54      EV: 10    Int: 30    God:    Vehumet [******]
Gold:   2364       SH:  0    Dex: 11    Spells: 7/51 levels left

rFire    + . .     SeeInvis .   z - staff of power
rCold    + + +     Gourm    .   (no shield)
rNeg     . . .     Faith    .   B - +5 scale mail "Nic Kyu" {+Inv rC+++ Dex-2 Stlth+}
rPois    +         Spirit   .   w - +2 helmet
rElec    .         Reflect  .   y - +2 cloak {rPois}
rCorr    .         Harm     .   T - +2 pair of gloves
MR       +....                  L - +2 pair of boots
Stlth    ++........             O - amulet of the acrobat
HPRegen  0.21/turn              Q - ring of wizardry
MPRegen  0.34/turn              v - ring of fire

@: lethally poisoned (-4 -> -72), corroded
A: repulsion field 1, rugged brown scales 1, cold resistance 1, frail 1
a: Renounce Religion, Evoke Invisibility


You were on level 2 of the Spider Nest.
You worshipped Vehumet.
Vehumet was exalted by your worship.
You were not hungry.

You visited 3 branches of the dungeon, and saw 23 of its levels.
You also visited: Ice Cave.

You collected 2364 gold pieces.

Inventory:

Missiles
 U - 397 stones (quivered)
Armour
 w - a +2 helmet (worn)
 y - a +2 cloak of poison resistance (worn)
 B - the +5 scale mail "Nic Kyu" (worn) {+Inv rC+++ Dex-2 Stlth+}
   (You found it on level 6 of the Lair of Beasts)

   It affects your dexterity (-2).
   It renders you almost immune to cold.
   It lets you turn invisible.
   It makes you more stealthy.
 L - a +2 pair of boots (worn)
 T - a +2 pair of gloves (worn)
Magical Staves
 z - an uncursed staff of power (weapon)
 C - an uncursed staff of air
 E - an uncursed staff of fire
 N - an uncursed staff of summoning
Jewellery
 j - an uncursed ring of flight
 v - a ring of fire (right hand)
 J - an uncursed ring of positive energy
 O - an amulet of the acrobat (around neck)
 Q - a ring of wizardry (left hand)
 S - an uncursed ring of protection from fire
Wands
 i - a wand of flame (73)
 l - a wand of clouds (6)
 q - a wand of scattershot (7)
 F - a wand of iceblast (14)
 I - a wand of paralysis (9)
 M - a wand of acid (32)
 V - a wand of polymorph (20)
 X - a wand of disintegration (35)
Scrolls
 b - 2 scrolls of noise {unknown}
 f - 5 scrolls of fog
 n - 10 scrolls of teleportation
 o - 10 scrolls of remove curse
 p - 2 scrolls of fear
 s - 5 scrolls of magic mapping
 t - 9 scrolls of amnesia
 u - 2 scrolls of immolation {unknown}
 H - 5 scrolls of blinking
 K - a scroll of random uselessness {unknown}
 W - a scroll of enchant weapon {unknown}
 Y - 2 scrolls of silence {unknown}
 Z - 3 scrolls of brand weapon {unknown}
Potions
 c - a potion of invisibility
 e - 7 potions of curing
 g - a potion of flight {unknown}
 h - 2 potions of heal wounds
 k - 4 potions of agility
 m - 4 potions of cancellation {unknown}
 r - 4 potions of mutation
 x - 3 potions of haste {unknown}
 A - 2 potions of magic {unknown}
 D - 4 potions of lignification {unknown}
 G - a potion of ambrosia {unknown}
 P - a potion of brilliance {unknown}
 R - 3 potions of resistance {unknown}
Miscellaneous
 a - a phial of floods
Comestibles
 d - 32 rations


   Skills:
 - Level 0.6 Fighting
   Level 0.2 Short Blades
 - Level 10.2 Armour
 - Level 9.7 Dodging
 - Level 5.2 Stealth
 - Level 18.6 Spellcasting
 - Level 12.5 Conjurations
   Level 5.2 Summonings
 - Level 3.0 Translocations
 - Level 12.0 Fire Magic
 - Level 10.3 Ice Magic
 - Level 3.1 Earth Magic
 - Level 2.2 Poison Magic
 + Level 4.8 Evocations


You had 7 spell levels left.
You knew the following spells:

 Your Spells              Type           Power        Failure   Level  Hunger
a - Magic Dart            Conj           ####         1%          1    None
b - Throw Flame           Conj/Fire      ######       1%          2    None
c - Blink                 Tloc           N/A          4%          2    None
d - Conjure Flame         Conj/Fire      ########     1%          3    None
e - Sandblast             Erth           #####.       1%          1    None
f - Sting                 Conj/Pois      ####         1%          1    None
g - Mephitic Cloud        Conj/Pois/Air  ######..     1%          3    None
h - Ignite Poison         Fire/Tmut/Pois ######..     1%          3    None
i - Bolt of Fire          Conj/Fire      ########..   3%          6    None
j - Fireball              Conj/Fire      ########..   1%          5    None
k - Bolt of Cold          Conj/Ice       #######...   4%          6    None
l - Lightning Bolt        Conj/Air       ######....   6%          5    None
m - Poison Arrow          Conj/Pois      ######....   19%         6    None

Your spell library contained the following spells:

 Spells                   Type           Power        Failure   Level  Hunger
 Iron Shot                Conj/Erth      ######....   16%         6    None
 Flame Tongue             Conj/Fire      #####        1%          1    None
 Call Imp                 Summ           ######..     1%          2    None
 Inner Flame              Hex/Fire       #######.     1%          3    None
 Sticky Flame             Conj/Fire      ########     1%          4    None
 Ozocubu's Refrigeration  Ice            ######....   7%          6    None
 Ice Form                 Ice/Tmut       ######..     12%         4    None
 Slow                     Hex            ####....     16%         2    None
 Freezing Cloud           Conj/Ice/Air   ######....   17%         6    None
 Metabolic Englaciation   Hex/Ice        ######....   32%         5    None
 Cause Fear               Hex            ####......   65%         4    None
 Simulacrum               Ice/Necr       ######....   86%         6    None
 Dragon Form              Tmut           ####......   100%        7    ####...
 Dragon's Call            Summ           ######....   100%        9    #######


Dungeon Overview and Level Annotations

Branches:
Dungeon (15/15)            Temple (0/1) D:4            Lair (6/6) D:9
 Shoals (0/4) Lair:3       Spider (2/4) Lair:4        Slime (0/5) Lair:6
    Orc (0/2) D:10         Vaults (0/5) D:13         Depths (0/5) D:15

Altars:
Ashenzari
Dithmenos
Elyvilon
Gozag
Hepliaklqana
Makhleb
Okawaru
Ru
Uskayaw
Vehumet
Zin

Shops:
D:5 :   D:6 !   D:11 :

Portals:
Trove: D:13 (give 8 potions of agility)

Annotations:
D:6 2 transporters, Mrkan's ghost, novice DrBe
D:8 exclusions: ice statue and obsidian statue
D:9 exclusion: ice statue
D:11 3 runed translucent doors, brittlin's ghost, journeyman FeBe
Lair:1 2 runed translucent doors, harness's ghost, novice DEFE


Innate Abilities, Weirdness & Mutations

You are surrounded by a mild repulsion field. (EV +2)
You are partially covered in rugged brown scales. (AC +1, +3% HP)
Your flesh is cold resistant. (rC+)
You are frail. (-10% HP)


Message History

The redback barely misses you.
The wolf spider hits you but does no damage.
The wolf spider bites you but does no damage.
The demonic crawler hits you but does no damage.
The demonic crawler hits you.
The demonic crawler hits you but does no damage.
The demonic crawler hits you.
The demonic crawler hits you but does no damage. x2
The redback misses you.
The wolf spider hits you but does no damage.
The wolf spider bites you but does no damage.
The wolf spider hits you but does no damage.
The wolf spider bites you. The redback bites you.
* * * LOW HITPOINT WARNING * * *
You are more poisoned.
The redback poisons you! The wolf spider hits you!!
* * * LOW HITPOINT WARNING * * *
The wolf spider bites you but does no damage.
The redback bites you.
You die...

.................
..................
.........^........
..................
.....<.<<.........
.......†.....s....
......†.ssssss....
...p...ssssss.....
.......yss@ss.....
.......sssss......
.........ass......
?......s../.......
..................
.................
................
...............


You could see an entropy weaver, a spark wasp, 2 demonic crawlers, 3 wolf
spiders, 2 orb spiders, a jumping spider, 3 tarantellas, 14 redbacks and a
neutral human (wandering).

Vanquished Creatures
  Rupert (Lair:5)
  Gastronok (D:9)
  Kirke (Spider:2)
  2 frost giants
  3 ogre magi
  An ice dragon (D:11)
  Harold (D:8)
  7 hydras
  5 vault guards (D:13)
  4 catoblepae
  3 centaur warriors
  Erica (Lair:2)
  A tengu warrior (D:13)
  8 two-headed ogres
  9 death yaks
  Urug (Lair:6)
  Sonja (D:12)
  An unseen horror (D:15)
  3 wizards
  Pikel (D:6)
  A deep elf archer (D:13)
  2 deep elf magi
  A swamp dragon (D:11)
  2 wolf spiders (Spider:1)
  4 oklob plants
  3 orb spiders (Spider:1)
  A cyclops (D:13)
  8 ugly things
  5 manticores
  Psyche (D:9)
  6 black mambas
  5 gargoyles
  An ice statue (IceCv)
  8 spiny frogs
  A centaur skeleton (D:12)
  A yaktaur (D:15)
  A kobold demonologist (D:10)
  4 rime drakes
  7 komodo dragons
  2 demonic crawlers (Spider:1)
  17 polar bears
  9 jumping spiders (Spider:1)
  A queen bee (D:15)
  6 trolls
  3 meliai (D:15)
  8 slime creatures
  A snapping turtle (Lair:3)
  10 hippogriffs
  7 blink frogs
  15 redbacks
  A centaur simulacrum (D:14)
  69 yaks
  2 spriggans (Lair:3)
  2 tarantellas (Spider:1)
  2 shadows
  A water elemental (D:14)
  3 wraiths
  2 vampires
  A wyvern (D:10)
  4 hogs (Spider:2)
  2 vampire mosquitoes (D:13)
  4 basilisks
  A steam dragon (D:8)
  5 hungry ghosts
  An acid dragon (D:12)
  4 porcupines
  8 water moccasins
  A black bear (Lair:3)
  4 ice beasts
  13 orc warriors
  2 phantoms
  2 sky beasts
  16 centaurs
  6 ogres
  14 crocodiles
  56 wolves
  A big kobold (D:13)
  11 bullfrogs
  A hornet simulacrum (D:14)
  6 scorpions
  7 wights
  21 killer bees
  2 electric eels
  6 howler monkeys
  10 crimson imps
  A quasit (D:11)
  2 centaur zombies
  4 hounds
  5 jellies
  8 orc wizards
  2 bullfrog skeletons
  13 orc priests
  Crazy Yiuf (D:5)
  4 iguanas
  11 worker ants
  A hound skeleton (D:4)
  A worker ant zombie (D:8)
  10 adders
  A howler monkey skeleton (D:6)
  4 shadow imps
  2 white imps (D:14)
  An ooze (D:1)
  2 adder skeletons (D:5)
  2 adder zombies
  3 worms
  A dart slug (D:1)
  5 leopard geckos
  32 orcs
  5 giant cockroaches
  7 goblins
  8 hobgoblins
  10 jackals
  12 kobolds
  3 quokkas
  2 ball pythons
  4 bats
  4 frilled lizards
  A leopard gecko skeleton (D:4)
  4 rats
  2 bushes
  2 plants
667 creatures vanquished.

Vanquished Creatures (collateral kills)
  An ogre (D:3)
  A phantom (D:3)
  2 howler monkeys (D:8)
  An iguana (D:5)
  A worker ant (D:5)
  A killer bee zombie (D:8)
  3 gnolls (D:5)
  An adder (D:3)
  2 orcs
  A bat (D:3)
  A hobgoblin (D:3)
  5 jackals
  A quokka (D:3)
21 creatures vanquished.

Vanquished Creatures (others)
  A polar bear (IceCv)
  A yak (IceCv)
  A slave (D:6)
  2 wolves (IceCv)
  A howler monkey (D:6)
  An orc (D:5)
  8 fungi
  4 plants
19 creatures vanquished.

Grand Total: 707 creatures vanquished

Notes
Turn   | Place    | Note
-------+----------+-------------------------------------------
     0 | D:1      | Exodus22XD the Deep Elf Wizard began the quest for the Orb.
     0 | D:1      | Reached XP level 1. HP: 10/10 MP: 7/7
   179 | D:1      | Reached XP level 2. HP: 11/15 MP: 2/9
   813 | D:1      | Reached XP level 3. HP: 19/19 MP: 0/11
   924 | D:1      | Learned a level 2 spell: Call Imp
  1525 | D:3      | Found a hide-covered altar of Uskayaw.
  1526 | D:3      | Found a shattered altar of Ashenzari.
  1526 | D:3      | Found a radiant altar of Vehumet.
  1545 | D:3      | Became a worshipper of Vehumet
  1583 | D:3      | Reached XP level 4. HP: 24/24 MP: 7/12
  1843 | D:3      | Noticed a phantom
  1939 | D:3      | Killed a phantom
  1939 | D:3      | Reached XP level 5. HP: 15/28 MP: 3/13
  1943 | D:3      | Learned a level 2 spell: Blink
  1968 | D:3      | Noticed an ogre
  1987 | D:3      | Killed an ogre
  2531 | D:4      | Found a staircase to the Ecumenical Temple.
  2555 | D:4      | Reached * piety under Vehumet
  2555 | D:4      | Offered knowledge of Sandblast by Vehumet.
  2667 | D:4      | Reached XP level 6. HP: 33/33 MP: 8/14
  3145 | D:5      | Entered Level 5 of the Dungeon
  3202 | D:5      | Found Obiumouj's Book Shop.
  3261 | D:5      | Found a shadowy altar of Dithmenos.
  3453 | D:5      | Found an iron altar of Okawaru.
  3596 | D:5      | Reached skill level 5 in Spellcasting
  3639 | D:5      | Learned a level 3 spell: Conjure Flame
  3971 | D:5      | Reached skill level 6 in Spellcasting
  4029 | D:5      | Reached skill level 1 in Fire Magic
  4029 | D:5      | Reached XP level 7. HP: 37/37 MP: 13/18
  4102 | D:5      | Learned a level 1 spell: Sandblast
  4206 | D:5      | Reached skill level 1 in Earth Magic
  4290 | D:5      | Found a runed translucent door.
  4291 | D:5      | Noticed Crazy Yiuf
  4308 | D:5      | Killed Crazy Yiuf
  4514 | D:5      | Lost strength.
  4683 | D:6      | Found a transporter.
  4709 | D:6      | Found Plog's Distillery.
  4725 | D:6      | Reached skill level 7 in Spellcasting
  5105 | D:6      | Reached skill level 5 in Conjurations
  5230 | D:6      | Found a glowing silver altar of Zin.
  5230 | D:6      | Noticed an angel
  5264 | D:6      | Offered knowledge of Sting by Vehumet.
  5267 | D:6      | Learned a level 1 spell: Sting
  5351 | D:6      | Reached ** piety under Vehumet
  5432 | D:6      | Found a transporter.
  5432 | D:6      | Noticed Mrkan's ghost (novice DrBe)
  5510 | D:6      | Reached XP level 8. HP: 29/42 MP: 1/20
  5694 | D:6      | Learned a level 3 spell: Mephitic Cloud
  5977 | D:6      | Reached skill level 8 in Spellcasting
  6221 | D:6      | Noticed Pikel
  6265 | D:6      | Killed Pikel
  6553 | D:7      | Reached XP level 9. HP: 46/46 MP: 13/23
  6699 | D:7      | Found a white marble altar of Elyvilon.
  6915 | D:7      | Reached skill level 5 in Fire Magic
  7212 | D:8      | Noticed Harold
  7232 | D:8      | Killed Harold
  7232 | D:8      | Reached skill level 10 in Spellcasting
  7241 | D:8      | Offered knowledge of Ignite Poison by Vehumet.
  7362 | D:8      | Learned a level 3 spell: Ignite Poison
  7504 | D:8      | Noticed an ice statue
  7535 | D:8      | Noticed an obsidian statue
  7966 | D:8      | Found a burning altar of Makhleb.
  7966 | D:8      | Found a hazy altar of Hepliaklqana.
  8272 | D:9      | Found a staircase to the Lair.
  8411 | D:9      | Noticed an ice statue
  8489 | D:9      | Noticed Psyche
  8497 | D:9      | Killed Psyche
  8497 | D:9      | Reached skill level 5 in Summonings
  8507 | D:9      | Noticed a cyan ugly thing
  8515 | D:9      | Killed a cyan ugly thing
  8515 | D:9      | Reached XP level 10. HP: 51/51 MP: 6/26
  8710 | D:9      | Noticed Gastronok
  8728 | D:9      | Killed Gastronok
  8728 | D:9      | Reached skill level 10 in Fire Magic
  8873 | D:9      | Noticed a two-headed ogre
  8887 | D:9      | Killed a two-headed ogre
  9355 | D:9      | Learned a level 6 spell: Bolt of Fire
  9365 | Lair:1   | Entered Level 1 of the Lair of Beasts
  9399 | Lair:1   | Noticed a spiny frog
  9408 | Lair:1   | Killed a spiny frog
  9509 | Lair:1   | Reached *** piety under Vehumet
  9520 | Lair:1   | Noticed a spiny frog
  9527 | Lair:1   | Killed a spiny frog
  9527 | Lair:1   | Reached skill level 10 in Conjurations
  9530 | Lair:1   | Noticed a black mamba
  9531 | Lair:1   | Reached XP level 11. HP: 55/55 MP: 6/27
  9733 | Lair:1   | Reached skill level 11 in Spellcasting
  9878 | Lair:1   | Found a large runed translucent door.
  9886 | Lair:1   | Found a large runed translucent door.
  9887 | Lair:1   | Noticed harness's ghost (novice DEFE)
 10292 | Lair:1   | Noticed an oklob plant
 10588 | Lair:1   | Killed an oklob plant
 10588 | Lair:1   | Reached skill level 12 in Spellcasting
 10970 | Lair:2   | Noticed Erica
 11149 | Lair:2   | Offered knowledge of Inner Flame by Vehumet.
 11478 | Lair:2   | Noticed a six-headed hydra
 11482 | Lair:2   | Killed a six-headed hydra
 11482 | Lair:2   | Reached skill level 5 in Dodging
 11512 | Lair:2   | Learned a level 5 spell: Fireball
 11833 | Lair:2   | Reached skill level 13 in Spellcasting
 11876 | Lair:2   | Killed Erica
 12401 | Lair:3   | Learned a level 2 spell: Throw Flame
 12411 | Lair:3   | Reached **** piety under Vehumet
 12773 | Lair:4   | Reached XP level 12. HP: 60/60 MP: 20/31
 12913 | Lair:4   | Offered knowledge of Dazzling Spray by Vehumet.
 13345 | Lair:4   | Found a hole to the Spider Nest.
 13363 | Lair:4   | Found an opulent altar of Gozag.
 13642 | Lair:4   | Noticed a six-headed hydra
 13645 | Lair:4   | Killed a six-headed hydra
 13957 | Lair:3   | Noticed an eight-headed hydra
 13959 | Lair:3   | Killed an eight-headed hydra
 14369 | Lair:3   | Reached skill level 5 in Stealth
 14616 | Lair:3   | Found a staircase to the Shoals.
 14714 | Lair:3   | Reached skill level 14 in Spellcasting
 15342 | Lair:5   | Noticed Rupert
 15351 | Lair:5   | Killed Rupert
 15457 | Lair:5   | Noticed a catoblepas
 15461 | Lair:5   | Killed a catoblepas
 15499 | Lair:5   | Reached ***** piety under Vehumet
 15506 | Lair:5   | Reached XP level 13. HP: 64/64 MP: 3/33
 15883 | Lair:5   | Offered knowledge of Ozocubu's Refrigeration by Vehumet.
 16049 | Lair:5   | Reached skill level 15 in Spellcasting
 16374 | Lair:6   | Entered Level 6 of the Lair of Beasts
 16549 | Lair:6   | Reached skill level 16 in Spellcasting
 16892 | Lair:6   | Noticed Urug
 16894 | Lair:6   | Killed Urug
 17035 | Lair:6   | Found a staircase to the Slime Pits.
 17489 | Lair:6   | Reached skill level 17 in Spellcasting
 17844 | Lair:6   | Gained mutation: You are frail. (-10% HP) [potion of
                  | mutation]
 17844 | Lair:6   | Gained mutation: Your flesh is cold resistant. (rC+)
                  | [potion of mutation]
 17844 | Lair:6   | Gained mutation: You are surrounded by a mild repulsion
                  | field. (EV +2) [potion of mutation]
 17844 | Lair:6   | Gained mutation: You are partially covered in rugged brown
                  | scales. (AC +1, +3% HP) [potion of mutation]
 17871 | Lair:6   | Reached skill level 18 in Spellcasting
 18026 | Lair:6   | Got a bloodstained scale mail
 18037 | Lair:6   | Identified the +5 scale mail "Nic Kyu" {+Inv rC+++ Dex-2
                  | Stlth+} (You found it on level 6 of the Lair of Beasts)
 18156 | Lair:6   | Reached XP level 14. HP: 63/63 MP: 32/38
 18248 | Lair:6   | Learned a level 6 spell: Bolt of Cold
 18661 | Spider:1 | Entered Level 1 of the Spider Nest
 18662 | Spider:1 | Reached skill level 1 in Ice Magic
 19098 | Spider:1 | Reached skill level 1 in Armour
 19430 | Spider:2 | Noticed Kirke
 19725 | D:10     | Entered Level 10 of the Dungeon
 19947 | D:10     | Found a staircase to the Orcish Mines.
 20765 | D:11     | Found a runed translucent gate.
 20765 | D:11     | Found a runed translucent gate.
 20765 | D:11     | Found a runed translucent gate.
 20767 | D:11     | Noticed brittlin's ghost (journeyman FeBe)
 20920 | D:11     | Reached skill level 5 in Armour
 20927 | D:11     | Found Cuoqi's Book Shop.
 21301 | D:11     | Reached ****** piety under Vehumet
 21320 | D:11     | Offered knowledge of Throw Icicle by Vehumet.
 22697 | D:12     | Noticed Sonja
 22698 | D:12     | Killed Sonja
 22951 | D:13     | Found a portal to a secret trove of treasure.
 23020 | D:13     | Paralysed by a wizard for 6 turns
 23179 | D:13     | Offered knowledge of Lightning Bolt by Vehumet.
 23188 | D:13     | Learned a level 5 spell: Lightning Bolt
 23416 | D:13     | Reached XP level 15. HP: 66/66 MP: 37/39
 23769 | D:13     | Found an opulent altar of Gozag.
 23861 | D:13     | Found a gate to the Vaults.
 24231 | D:14     | Reached skill level 10 in Armour
 24289 | D:14     | Reached skill level 5 in Ice Magic
 24589 | D:14     | Found a frozen archway.
 24596 | IceCv    | Entered an ice cave
 25012 | IceCv    | Offered knowledge of Poison Arrow by Vehumet.
 25521 | IceCv    | Noticed a frost giant
 25525 | IceCv    | Killed a frost giant
 26097 | D:15     | Entered Level 15 of the Dungeon
 26432 | D:15     | Noticed a frost giant
 26434 | D:15     | Killed a frost giant
 26620 | D:15     | Reached skill level 10 in Ice Magic
 26916 | D:15     | Found a staircase to the Depths.
 27009 | D:15     | Found the +6 lightning scales {run, rElec}
 27064 | D:15     | Found a sacrificial altar of Ru.
 27502 | D:15     | Learned a level 6 spell: Poison Arrow
 27792 | Spider:2 | Offered knowledge of Iron Shot by Vehumet.
 27794 | Spider:2 | Killed Kirke
 27803 | Spider:2 | HP: 1/66 [wolf spider (18)]
 27803 | Spider:2 | Slain by a redback

Skill      XL: |  1  2  3  4  5  6  7  8  9 10 11 12 13 14 15 |
---------------+----------------------------------------------+-----
Conjurations   | 2 3 4 5 8 10 12 | 12.5
Summonings     | 2 3 5 |  5.2
Translocations | 3 |  3.0
Spellcasting   | 6 7 8 10 13 14 18 | 18.6
Fire Magic     | 1 3 7 10 11 12 | 12.0
Earth Magic    | 3 |  3.1
Poison Magic   | 2 |  2.2
Dodging        | 7 9 |  9.7
Stealth        | 5 |  5.2
Ice Magic      | 3 10 | 10.3
Armour         | 9 10 | 10.2
Evocations     | 4 |  4.8
Fighting       | |  0.6
Short Blades   | |  0.2

Action                   |  1- 3 |  4- 6 |  7- 9 | 10-12 | 13-15 || total
-------------------------+-------+-------+-------+-------+-------++-------
Melee: Short sword       |     1 |    11 |    22 |       |       ||    34
       Dagger            |       |       |     5 |       |       ||     5
       Staff             |       |       |       |     2 |     2 ||     4
Throw: Stone             |       |       |       |     2 |     1 ||     3
 Cast: Magic Dart        |   105 |   125 |   248 |    17 |     7 ||   502
       Call Imp          |     1 |    21 |    15 |       |       ||    37
       Blink             |       |     1 |     3 |    11 |     2 ||    17
       Sandblast         |       |       |    32 |       |       ||    32
       Sting             |       |       |    36 |   296 |    82 ||   414
       Conjure Flame     |       |       |    14 |    12 |     4 ||    30
       Ignite Poison     |       |       |     5 |    44 |    18 ||    67
       Mephitic Cloud    |       |       |     3 |    11 |     5 ||    19
       Bolt of Fire      |       |       |       |    35 |   213 ||   248
       Throw Flame       |       |       |       |    46 |   421 ||   467
       Fireball          |       |       |       |     9 |    57 ||    66
       Bolt of Cold      |       |       |       |       |    13 ||    13
       Lightning Bolt    |       |       |       |       |     3 ||     3
  Use: Scroll            |       |     5 |     8 |     5 |    12 ||    30
       Potion            |       |       |     1 |       |     5 ||     6
  Eat: Chunk             |     1 |     1 |     1 |     2 |     2 ||     7
       Ration            |       |     2 |     4 |     8 |    11 ||    25
Armor: Robe              |     1 |     5 |    36 |    25 |    43 ||   110
       Scale mail        |       |       |       |       |   113 ||   113
Dodge: Dodged            |    12 |    35 |    60 |   113 |   201 ||   421
Block: Other             |       |       |       |     7 |    12 ||    19
       Reflection        |       |       |       |       |     2 ||     2
